 Dungeon Crawl Stone Soup version 0.27-a0-1322-gfdffb62a71 (webtiles) character file.

Game seed: 13645054421674042761

984 Zonian the Destroyer (level 8, 0/42 HPs)
             Began as a Tengu Conjurer on June 21, 2021.
             Slain by a water moccasin (7 damage)
             ... on level 6 of the Dungeon on June 23, 2021.
             The game lasted 00:10:33 (8179 turns).

Zonian the Destroyer (Tengu Conjurer)               Turns: 8179, Time: 00:10:34

Health: 0/42       AC:  2    Str:  7    XL:     8   Next: 17%
Magic:  12/17      EV: 15    Int: 21    God:
Gold:   207        SH:  0    Dex: 13    Spells: 15/18 levels left

rFire    . . .     SeeInvis .   j - +0 dagger
rCold    . . .     Faith    .   (no shield)
rNeg     . . .     Spirit   .   a - +0 robe
rPois    .         Reflect  .   (helmet restricted)
rElec    .         Harm     .   (no cloak)
rCorr    .         Rampage  .   (no gloves)
Will     .....                  (boots unavailable)
Stlth    ++........             (no amulet)
HPRegen  0.14/turn              (no ring)
MPRegen  0.15/turn              (no ring)

@: flying quickly and evasively, quick
A: beak, talons 3, nimble flight
a: no special abilities


You were on level 6 of the Dungeon.
You visited 1 branch of the dungeon, and saw 6 of its levels.

You collected 207 gold pieces.

Inventory:

Hand Weapons
 j - a +0 dagger (weapon)
Missiles
 d - 2 javelins
 n - 8 poisoned darts
Armour
 a - a +0 robe (worn)
 o - a +1 ring mail of fire resistance
Jewellery
 m - an amulet of faith
 r - a ring of flight
Scrolls
 c - a scroll of summoning
 e - 2 scrolls of magic mapping
 h - a scroll of teleportation
 p - a scroll of immolation
 q - a scroll of fog {unknown}
 s - a scroll of enchant weapon {unknown}
Potions
 b - a potion of haste {unknown}
 f - 3 potions of heal wounds
 g - 2 potions of curing
 i - 2 potions of cancellation
 k - a potion of mutation {unknown}
 l - a potion of degeneration {unknown}


   Skills:
 + Level 0.7 Fighting
 + Level 2.8 Dodging
 + Level 3.7 Stealth
 + Level 5.6 Spellcasting
 + Level 9.6 Conjurations


You had 15 spell levels left.
You knew the following spells:

 Your Spells              Type           Power      Damage    Failure   Level
a - Magic Dart            Conj           100%       1d8       1%          1
b - Searing Ray           Conj           92%        3d6       1%          2

Your spell library contained the following spells:

 Spells                   Type           Power      Damage    Failure   Level
 Dazzling Flash           Conj/Hex       52%        N/A       4%          3
 Fulminant Prism          Conj/Hex       13%        3d9       14%         4
 Iskenderun's Mystic Bla  Conj/Tloc      26%        2d7       14%         4


Dungeon Overview and Level Annotations

Branches:
Dungeon (6/15)
 Temple: D:4-7

Altars:
Dithmenos
Gozag
Hepliaklqana
Trog
Wu Jian
Beogh

Portals:
Ossuary: D:6

Annotations:
D:2 1 runed translucent door, Crazy Yiuf
D:5 3 runed translucent doors, atabob's ghost, amateur DsAK
D:6 Maggie


Innate Abilities, Weirdness & Mutations

You have a beak for a mouth.
You have claws for feet.
Your magical nature lets you fly swiftly and evasively.


Message History

Found a club.
You see here a +0 dagger.
You now have 207 gold pieces (gained 20).
A scorpion comes into view.
Found 21 gold pieces.
The scorpion stings you.
You are poisoned.
The scorpion poisons you!
Casting: Searing Ray (safe; 1% risk of failure)
Confirm with . or Enter, or press ? or * to list all spells.
Aiming: Searing Ray (safe; 1% risk of failure)
Press: ? - help, Shift-Dir - straight line, f - scorpion
Aim: a scorpion (82% to hit)
The searing ray hits the scorpion.
The scorpion is moderately wounded. (Press . to maintain the ray.)
You feel very sick. The scorpion stings you.
* * * LOW HITPOINT WARNING * * *
You are more poisoned.
The scorpion poisons you!
The searing ray hits the scorpion!
The scorpion is severely wounded.
* * * LOW HITPOINT WARNING * * *
You feel very sick. The scorpion misses you.
Unknown command.
You feel better. The scorpion stings you.
* * * LOW HITPOINT WARNING * * *
The water moccasin hisses angrily.
Casting: Searing Ray (safe; 1% risk of failure)
Confirm with . or Enter, or press ? or * to list all spells.
Aiming: Searing Ray (safe; 1% risk of failure)
Press: ? - help, Shift-Dir - straight line, f/p - scorpion
Aim: a scorpion (severely wounded, 82% to hit)
The searing ray hits the scorpion.
You kill the scorpion! (Press . to maintain the ray.)
The water moccasin bites you!
You die...

.....#.............#
....#...?
.....#.............#
.........
.....#.............#
##.......@
.....#......♣......# .#
.....#Z#
.....#....♣♣.♣♣....# .##
... ##..
#....#....♣)..♣....#....
....#.FS
#....'...♣.)♣..♣...'...
.....o...
##...#....♣...♣..S.#
.......#.
#...##....♣♣.♣♣.@.)#
....o..##
...###......♣......#
......# # ..#
#...........$.#
>.....### #.
#.............#
........# ##
#.....(.......#
.........
#######+####### ........
........ ........
...##.#.


You could see a water moccasin.

Vanquished Creatures
  Menkaure (D:4)
  A sky beast (D:6)
  A phantom (D:3)
  Blork the orc (D:4)
  4 scorpions
  A water moccasin zombie (D:6)
  A jelly (D:5)
  3 hounds
  A bullfrog skeleton (D:6)
  An orc wizard (D:4)
  2 iguanas (D:5)
  A howler monkey zombie (D:5)
  3 gnolls (D:2)
  4 adders
  A shadow imp (D:5)
  3 worms
  A dart slug (D:1)
  3 orcs
  5 endoplasms
  2 giant cockroaches (D:1)
  9 goblins
  9 hobgoblins
  10 jackals
  7 kobolds
  A ball python (D:2)
  6 bats
  2 frilled lizards
  13 rats
97 creatures vanquished.

Vanquished Creatures (others)
  3 fungi (D:2)
3 creatures vanquished.

Grand Total: 100 creatures vanquished

Notes
Turn   | Place    | Note
-------+----------+-------------------------------------------
     0 | D:1      | Zonian the Tengu Conjurer began the quest for the Orb.
     0 | D:1      | Reached XP level 1. HP: 10/10 MP: 4/4
    61 | D:1      | Found a faded altar of an unknown god.
   157 | D:1      | Reached XP level 2. HP: 15/15 MP: 4/6
   437 | D:1      | Reached skill level 6 in Conjurations
   758 | D:1      | Reached XP level 3. HP: 16/19 MP: 1/7
  1435 | D:2      | Reached XP level 4. HP: 13/24 MP: 0/8
  1603 | D:1      | Learned a level 2 spell: Searing Ray
  2133 | D:2      | Found a runed translucent door.
  2134 | D:2      | Noticed Crazy Yiuf
  2500 | D:2      | Reached skill level 7 in Conjurations
  3108 | D:3      | Gained mutation: Your magical nature lets you fly swiftly
                  | and evasively. [Tengu growth]
  3108 | D:3      | Reached XP level 5. HP: 28/28 MP: 2/10
  3965 | D:3      | Noticed a phantom
  3986 | D:3      | Killed a phantom
  4550 | D:3      | Reached XP level 6. HP: 32/32 MP: 9/12
  5924 | D:4      | Noticed Blork the orc
  5932 | D:4      | Killed Blork the orc
  5933 | D:4      | Reached skill level 8 in Conjurations
  6116 | D:4      | Found a shadowy altar of Dithmenos.
  6125 | D:4      | Found a bloodstained altar of Trog.
  6127 | D:4      | Found an ornate altar of the Wu Jian Council.
  6335 | D:5      | Entered Level 5 of the Dungeon
  6335 | D:5      | Noticed Menkaure
  6340 | D:4      | Killed Menkaure
  6341 | D:4      | Reached XP level 7. HP: 13/37 MP: 8/14
  6738 | D:4      | Upgraded the game from 0.27-a0-1319-geec4fb4e21 to
                  | 0.27-a0-1322-gfdffb62a71
  7371 | D:5      | Found a hazy altar of Hepliaklqana.
  7371 | D:5      | Found an opulent altar of Gozag.
  7472 | D:5      | Reached skill level 5 in Spellcasting
  7472 | D:5      | Reached skill level 9 in Conjurations
  7537 | D:5      | Identified the +1 leather armour of Snakes and Ladders
                  | {-Cast rElec Regen+ SInv}
  7611 | D:5      | Found a runed translucent gate.
  7612 | D:5      | Found a runed translucent gate.
  7612 | D:5      | Noticed atabob's ghost (amateur DsAK)
  7613 | D:5      | Found a runed translucent gate.
  7924 | D:6      | Reached XP level 8. HP: 41/42 MP: 10/17
  7937 | D:6      | Noticed Maggie
  7981 | D:6      | Found a sand-covered staircase.
  8179 | D:6      | Slain by a water moccasin

Illustrated notes

Levels and vault maps discovered:
D:1:      lightli_arrival_boilingwater, layout_basic,
          chequers_ecumenical_altar_twisty
D:2:      layout_rooms, eino_curves_03, uniq_crazy_yiuf_cottage
D:3:      layout_basic
D:4:      layout_loops_ring, minitemple, uniq_blork_the_orc
D:5:      layout_loops_ring, gammafunk_temple_overflow_statue,
          biasface_ghost_orc_armoury, uniq_menkaure
D:6:      layout_cave_pools, nicolae_ossuary_entry_giza,
          kennysheep_generic_room_2, uniq_sigmund, uniq_maggie

Skill      XL: |  1  2  3  4  5  6  7 |
---------------+----------------------+-----
Conjurations   | 6 7 8 9 |  9.6
Spellcasting   | 3 4 5 |  5.6
Stealth        | 3 |  3.7
Fighting       | |  0.7
Dodging        | |  2.8

Action                   |  1- 3 |  4- 6 |  7- 9 || total
-------------------------+-------+-------+-------++-------
Melee: Dagger            |       |       |     5 ||     5
       Kick              |       |       |     1 ||     1
       Peck              |       |       |     1 ||     1
 Cast: Magic Dart        |    51 |   114 |    39 ||   204
       Searing Ray       |       |     7 |    14 ||    21
  Use: Scroll            |       |     7 |     4 ||    11
       Potion            |       |       |     2 ||     2
 Stab: Sleeping          |       |       |     2 ||     2
Armor: Robe              |       |     1 |     2 ||     3
Dodge: Dodged            |     1 |    13 |    25 ||    39

Table legend: (Time is in decaauts)
 A = Elapsed time spent in this place.
 B = Non-inter-level travel time spent in this place.
 C = Inter-level travel time spent in this place.
 D = Time resting spent in this place.
 E = Time spent auto-exploring this place.
 F = Levels seen in this place.
 G = Mean time per level.
                   A        B        C        D        E       F      G
               +--------+--------+--------+--------+--------+-----+--------+
         Total |   8017 |   7748 |    269 |   3793 |   3368 |   6 | 1336.2 |
       Dungeon |   8017 |   7748 |    269 |   3793 |   3368 |   6 | 1336.2 |
               +--------+--------+--------+--------+--------+-----+--------+

Top non-repeatable levels by time:
     D:4: 1978 daAuts
     D:1: 1610 daAuts
     D:3: 1577 daAuts
     D:2: 1467 daAuts
     D:5: 1120 daAuts
     D:6: 264 daAuts
